[Event "Titled Tuesday Blitz July 13 2021"]
[White "Tristan, Leonardo"]
[Black "Peralta, Eduardo"]
[WhiteFideId "113816"]
[BlackFideId "3700062"]
[WhiteElo "2404"]
[BlackElo "2205"]
[Result "0-1"]
[Round "09"]
[TimeControl "180+1"]
[Date "2021.07.13"]
[WhiteClock "0:00:09"]
[BlackClock "0:00:12"]

1. d4 Nf6 2. Bg5 c5 3. d5 e5 4. Nc3 d6 5. e4 Be7 6. Nf3 O-O 7. Bxf6 Bxf6 8. h3 g6 9. Nd2 Bg5 10. Nc4 f5 11. Bd3 Be7 12. a4 Nd7 13. a5 Nf6 14. Qe2 Bd7 15. f3 Nh5 16. Rg1 Nf4 17. Qf1 fxe4 18. Bxe4 Rb8 19. Ne2 b5 20. axb6 axb6 21. Nxf4 exf4 22. Qd3 b5 23. Nd2 Bh4+ 24. Kd1 Bf6 25. c3 Qb6 26. Kc2 Kg7 27. h4 c4 28. Qe2 b4 29. Nxc4 Qc5 30. Ra5 Qxg1 31. Nxd6 bxc3 32. b3 Ra8 33. Ra6 Qc5 34. Nb7 Qe3 35. Qxe3 fxe3 36. Nc5 Rxa6 37. Nxa6 Bb5 38. Nb4 e2 39. Nd3 Bxd3+ 40. Kxd3 e1=Q 41. h5 Qd2+ 42. Kc4 c2 43. Kb5 c1=Q 44. h6+ Kxh6 45. Ka6 Qdb2 46. b4 Qc7 47. Kb5 Rb8+ 0-1


[Site "https://www.chess.com"]

[Event "Titled Tuesday Blitz July 13 2021"]
[White "Tsaruk, Maksim"]
[Black "Csonka, Balazs"]
[WhiteFideId "13511173"]
[BlackFideId "742910"]
[WhiteElo "2184"]
[BlackElo "2404"]
[Result "0-1"]
[Round "09"]
[TimeControl "180+1"]
[Date "2021.07.13"]
[WhiteClock "0:00:10"]
[BlackClock "0:01:14"]

1. e4 e6 2. d4 d5 3. Nd2 Nf6 4. e5 Nfd7 5. c3 c5 6. Bd3 Nc6 7. Ne2 cxd4 8. cxd4 f6 9. exf6 Nxf6 10. O-O Bd6 11. Nf3 O-O 12. Bf4 Bxf4 13. Nxf4 Ne4 14. Ne2 Rxf3 15. gxf3 Ng5 16. f4 Nh3+ 17. Kg2 Qh4 18. f5 e5 19. dxe5 Nxe5 20. f4 Ng4 21. Ng3 Ne3+ 22. Kh1 Nxd1 23. Raxd1 Bd7 24. Bc2 Bc6 25. Bb3 Rd8 26. Rd4 Kh8 27. Kg2 Ng5 28. Rfd1 Qh3+ 29. Kh1 Nf3 0-1


[Site "https://www.chess.com"]

[Event "Titled Tuesday Blitz July 13 2021"]
[White "Tsotsonava, Elene"]
[Black "Najdin, Danil"]
[WhiteFideId "13615939"]
[BlackFideId "4172426"]
[WhiteElo "1847"]
[BlackElo "2193"]
[Result "1-0"]
[Round "09"]
[TimeControl "180+1"]
[Date "2021.07.13"]
[WhiteClock "0:00:33"]
[BlackClock "0:00:10"]

1. e4 e5 2. Nf3 Nc6 3. Nc3 Nf6 4. d4 exd4 5. Nxd4 Bb4 6. Nxc6 bxc6 7. Bd3 O-O 8. O-O d5 9. exd5 cxd5 10. Bg5 c6 11. Qf3 Be7 12. h3 h6 13. Bf4 Re8 14. Rfe1 Bb4 15. a3 Ba5 16. Rxe8+ Qxe8 17. Bxh6 Bxc3 18. bxc3 Ne4 19. Be3 Nxc3 20. Bd4 Ne4 21. Re1 f5 22. Qf4 Bd7 23. f3 Qg6 24. fxe4 fxe4 25. Be2 Bxh3 26. g3 Rf8 27. Qh4 Bc8 28. Bxa7 e3 29. Bxe3 Qxc2 30. Qd4 Bf5 31. Qc5 Qb3 32. Bd1 Qb2 33. Qb4 Qe5 34. Qxf8+ Kh7 35. Bf2 1-0


[Site "https://www.chess.com"]

[Event "Titled Tuesday Blitz July 13 2021"]
[White "Turzo, Attila"]
[Black "Kanyamarala, Tarun"]
[WhiteFideId "704954"]
[BlackFideId "45004714"]
[WhiteElo "2431"]
[BlackElo "2086"]
[Result "0-1"]
[Round "09"]
[TimeControl "180+1"]
[Date "2021.07.13"]
[WhiteClock "0:01:30"]
[BlackClock "0:01:14"]

1. d4 d5 2. c4 e6 3. Nf3 Nf6 4. Nc3 Bb4 5. cxd5 exd5 6. Bg5 h6 7. Bh4 O-O 8. e3 Bf5 9. Be2 Nc6 10. O-O g5 11. Bg3 Bxc3 12. bxc3 Ne4 13. Ne5 Nxg3 14. f3 Nxf1 15. Bxf1 Nxe5 16. dxe5 c6 17. f4 g4 18. Be2 Qb6 19. Kf2 h5 20. Qd2 f6 21. exf6 Rxf6 22. h3 Re8 23. hxg4 Bxg4 24. Bxg4 hxg4 25. Rh1 Rxf4+ 26. Kg3 Rfe4 27. Rh5 Qxe3+ 28. Qxe3 Rxe3+ 29. Kxg4 R8e4+ 30. Kf5 Re5+ 31. Kg6 Rxh5 32. Kxh5 Rg3 33. c4 Rxg2 34. a4 dxc4 35. a5 c3 36. a6 bxa6 0-1


[Site "https://www.chess.com"]

[Event "Titled Tuesday Blitz July 13 2021"]
[White "Vazquez Espino, Uriel"]
[Black "Aleksandr_Kozak"]
[WhiteFideId "5119138"]
[WhiteElo "2236"]
[BlackElo "2406"]
[Result "0-1"]
[Round "09"]
[TimeControl "180+1"]
[Date "2021.07.13"]
[WhiteClock "0:00:06"]
[BlackClock "0:00:18"]

1. e4 e5 2. Nf3 Nc6 3. Bb5 f5 4. Bxc6 dxc6 5. Nc3 Nf6 6. Qe2 fxe4 7. Nxe4 Bf5 8. Ng3 Bxc2 9. Nxe5 Qe7 10. d4 Bg6 11. Nxg6 hxg6 12. Qxe7+ Bxe7 13. O-O O-O-O 14. Be3 Nd5 15. Ne4 Rde8 16. Bd2 Bf6 17. Nxf6 gxf6 18. Rfe1 Kd7 19. f3 b6 20. Rxe8 Kxe8 21. Re1+ Kd7 22. Re4 a5 23. h3 a4 24. a3 f5 25. Re5 Rh4 26. Bc3 Kd6 27. Re8 Nxc3 28. bxc3 Kd5 29. Rg8 Rh6 30. Rg7 Kc4 31. Rxc7 g5 32. Kf2 Rd6 33. Rg7 f4 34. Rxg5 Kxc3 35. h4 b5 36. h5 Rxd4 37. h6 Rd2+ 38. Kg1 Rd6 39. Rh5 Rd8 40. Rc5+ Kb3 41. Rxc6 Kxa3 42. Rf6 b4 43. Rxf4 b3 44. g4 b2 0-1


[Site "https://www.chess.com"]

[Event "Titled Tuesday Blitz July 13 2021"]
[White "Wagner, Dennis"]
[Black "Liu, Manli"]
[WhiteFideId "24650684"]
[BlackFideId "8608121"]
[WhiteElo "2355"]
[BlackElo "2061"]
[Result "1/2-1/2"]
[Round "09"]
[TimeControl "180+1"]
[Date "2021.07.13"]
[WhiteClock "0:00:44"]
[BlackClock "0:00:09"]

1. Nf3 d5 2. g3 c6 3. Bg2 Bg4 4. O-O Nd7 5. h3 Bxf3 6. Bxf3 e5 7. d3 Ngf6 8. e4 dxe4 9. dxe4 Bc5 10. a4 O-O 11. Nd2 a6 12. a5 Qe7 13. Qe2 Ba7 14. Nc4 Nc5 15. b4 Ne6 16. c3 Rfd8 17. h4 Nc7 18. Be3 Bxe3 19. Qxe3 Nb5 20. Nb6 Rab8 21. Be2 Rd6 22. Rad1 Rxd1 23. Rxd1 Rd8 24. Rd2 Rxd2 25. Qxd2 Nxe4 26. Qe3 Nexc3 27. Bc4 h6 28. h5 Qd6 29. Kh2 Nd5 30. Qf3 Nbc7 31. Kg2 Qxb4 32. Nxd5 cxd5 33. Bxd5 Nxd5 34. Qxd5 Qe7 35. g4 Kh7 36. Qe4+ g6 37. hxg6+ fxg6 38. Kg3 Kg7 39. f3 Kf6 40. Qe3 Kg7 41. Qe4 Qc7 42. Kh3 Kf6 43. Qd5 Qc6 44. Qd8+ Kg7 45. Qe7+ Kg8 46. Kg3 Qc3 47. Qe8+ Kg7 48. Qe7+ Kg8 49. Qf6 Qe1+ 50. Kg2 Qe2+ 51. Kg3 Qe1+ 52. Kg2 Qe2+ 53. Kh3 Qf1+ 54. Kg3 Qg1+ 55. Kh3 Qh1+ 56. Kg3 Qg1+ 57. Kh3 Qh1+ 58. Kg3 Qg1+ 1/2-1/2


[Site "https://www.chess.com"]

[Event "Titled Tuesday Blitz July 13 2021"]
[White "Weetik, Vjacheslav"]
[Black "Odegov, Artem"]
[WhiteFideId "4153472"]
[BlackFideId "34183644"]
[WhiteElo "2469"]
[BlackElo "2288"]
[Result "1-0"]
[Round "09"]
[TimeControl "180+1"]
[Date "2021.07.13"]
[WhiteClock "0:01:22"]
[BlackClock "0:00:01"]

1. d4 Nf6 2. c4 g6 3. Nc3 Bg7 4. e4 d6 5. Nf3 O-O 6. Be2 e5 7. O-O Nc6 8. dxe5 dxe5 9. Bg5 Qxd1 10. Rfxd1 Bg4 11. h3 Bxf3 12. Bxf3 Nd4 13. Nd5 Nxd5 14. cxd5 f6 15. Be3 c5 16. dxc6 Nxc6 17. Rd7 Rf7 18. Rad1 Re8 19. Be2 Rxd7 20. Rxd7 f5 21. Bc4+ Kh8 22. Bd5 Nd4 23. Rxb7 f4 24. Bd2 Rc8 25. Rxa7 h5 26. Ra8 Rxa8 27. Bxa8 Bf8 28. b4 Kh7 29. Kf1 Bd6 30. a4 Nc2 31. b5 Nd4 32. Bc6 Nb3 33. Bc3 g5 34. a5 Nc5 35. a6 1-0


[Site "https://www.chess.com"]

[Event "Titled Tuesday Blitz July 13 2021"]
[White "Willow, Jonah B"]
[Black "Hansen, Sune Berg"]
[WhiteFideId "438804"]
[BlackFideId "1400266"]
[WhiteElo "2261"]
[BlackElo "2634"]
[Result "1-0"]
[Round "09"]
[TimeControl "180+1"]
[Date "2021.07.13"]
[WhiteClock "0:00:30"]
[BlackClock "0:00:14"]

1. e4 e5 2. Nf3 Nc6 3. Nc3 Nf6 4. Bb5 Bb4 5. O-O O-O 6. d3 Bxc3 7. bxc3 d6 8. Bg5 Qe7 9. Re1 a6 10. Bc4 h6 11. Bh4 Na5 12. Bb3 g5 13. Bg3 Bg4 14. d4 c5 15. Bd5 Rad8 16. h3 Bh5 17. Rb1 Nxd5 18. exd5 e4 19. Qc1 f5 20. Qa3 Nc4 21. Qa4 b5 22. Qxa6 Bxf3 23. gxf3 Nd2 24. f4 Nf3+ 25. Kg2 cxd4 26. Qxb5 Rb8 27. Qc4 gxf4 28. Bxf4 Qg7+ 29. Kh1 Rbc8 30. Qa6 Rxc3 31. Rg1 Ng5 32. Qxd6 Rxh3+ 33. Kg2 Nf7+ 34. Kxh3 1-0


[Site "https://www.chess.com"]

[Event "Titled Tuesday Blitz July 13 2021"]
[White "Wilson, Elvin"]
[Black "Derraugh, Geordie"]
[WhiteFideId "2014874"]
[BlackFideId "2603950"]
[WhiteElo "2298"]
[BlackElo "2132"]
[Result "1-0"]
[Round "09"]
[TimeControl "180+1"]
[Date "2021.07.13"]
[WhiteClock "0:00:35"]
[BlackClock "0:00:05"]

1. c4 e5 2. g3 Nc6 3. Bg2 f5 4. Nc3 Nf6 5. e3 d5 6. cxd5 Nb4 7. d3 Nbxd5 8. Nxd5 Nxd5 9. Nf3 Bd6 10. O-O c6 11. e4 Nf6 12. exf5 Bxf5 13. Re1 Qc7 14. Nxe5 Bxe5 15. Bf4 O-O-O 16. Bxe5 Qb6 17. d4 Qxb2 18. Qa4 Qb6 19. Rac1 Nd5 20. Bxg7 Rhg8 21. Be5 h5 22. h4 Rg6 23. Rc5 Be6 24. Qc2 Rgg8 25. Rb1 Qa6 26. Bf1 Nb4 27. Rxb4 Qxa2 28. Rxc6+ Kd7 29. Rc7+ Ke8 30. Bb5+ Kf8 31. Qc5+ Rd6 32. Qxd6# 1-0


[Site "https://www.chess.com"]

[Event "Titled Tuesday Blitz July 13 2021"]
[White "Yoo, Christopher Woojin"]
[Black "Nabaty, Tamir"]
[WhiteFideId "30909694"]
[BlackFideId "2809052"]
[WhiteElo "2948"]
[BlackElo "2974"]
[Result "0-1"]
[Round "09"]
[TimeControl "180+1"]
[Date "2021.07.13"]
[WhiteClock "0:00:01"]
[BlackClock "0:00:04"]

1. e4 c5 2. Nc3 e6 3. Nge2 Nc6 4. g3 Nf6 5. Bg2 d6 6. O-O Bd7 7. d4 cxd4 8. Nxd4 Nxd4 9. Qxd4 Bc6 10. Ne2 Be7 11. c4 O-O 12. Nc3 a6 13. Rd1 Nd7 14. b3 Qc7 15. Bb2 Nf6 16. Rac1 Qa5 17. a3 Rfd8 18. b4 Qh5 19. h3 Rac8 20. a4 Qg6 21. b5 Be8 22. Qb6 axb5 23. Nxb5 Bc6 24. Na7 Rb8 25. e5 Nd7 26. Qc7 Bxg2 27. Kxg2 Qe4+ 28. Kg1 Bg5 29. Re1 Qf5 30. Rcd1 Nxe5 31. Bxe5 dxe5 32. Rxd8+ Rxd8 33. Qxb7 Qxh3 34. Nc6 Rf8 35. Nxe5 h5 36. Qh1 Qxh1+ 37. Kxh1 Ra8 38. c5 Rxa4 39. c6 Ra8 40. Rb1 Rc8 41. Rb7 Bf6 42. Nxf7 Rxc6 43. Rd7 Rc2 44. Kg2 h4 45. gxh4 Bxh4 46. Nd6 Rxf2+ 47. Kh3 Bf6 48. Ne4 Rf4 49. Nc5 e5 50. Ne6 Rf5 51. Kg4 Rf1 52. Kh5 Rh1+ 53. Kg6 Rg1+ 54. Kf5 Kh7 55. Nf8+ Kh6 56. Rd3 Rf1+ 57. Ke4 Rf4+ 58. Kd5 Rd4+ 59. Rxd4 exd4 60. Ke4 g5 61. Ne6 Kh5 62. Nc5 g4 63. Kf5 g3 64. Nd3 Bg5 65. Ne1 Be3 66. Ng2 Bf2 0-1


[Site "https://www.chess.com"]

[Event "Titled Tuesday Blitz July 13 2021"]
[White "Yuan, Qingyu"]
[Black "Mortazavi, Ali"]
[WhiteFideId "8609772"]
[BlackFideId "401323"]
[WhiteElo "2359"]
[BlackElo "2339"]
[Result "0-1"]
[Round "09"]
[TimeControl "180+1"]
[Date "2021.07.13"]
[WhiteClock "0:00:15"]
[BlackClock "0:00:09"]

1. e4 c6 2. d4 d5 3. e5 Bf5 4. Nd2 e6 5. Nb3 Ne7 6. Nf3 Nd7 7. Be2 Ng6 8. O-O f6 9. exf6 Qxf6 10. Bg5 Qf7 11. c4 Bd6 12. Na5 Rb8 13. Be3 O-O 14. Qd2 h6 15. b4 Bg4 16. Ng5 Qf5 17. f3 hxg5 18. fxg4 Qe4 19. Bd3 Qxg4 20. Bxg6 Qh4 21. g3 Bxg3 22. Qg2 Bf4 23. Bf2 Qh6 24. Bd3 Nf6 25. Rae1 Nh5 26. Re2 Bd6 27. Be3 Rxf1+ 28. Qxf1 Bxb4 29. Nb3 Nf4 30. Bxf4 gxf4 31. c5 a5 32. a4 Rf8 33. Qf3 Rf6 34. Rg2 Qh4 35. Kf1 Qe1# 0-1


[Site "https://www.chess.com"]

[Event "Titled Tuesday Blitz July 13 2021"]
[White "deribas12345"]
[Black "AleksanderHnydiuk"]
[WhiteElo "2521"]
[BlackElo "2604"]
[Result "0-1"]
[Round "09"]
[TimeControl "180+1"]
[Date "2021.07.13"]
[WhiteClock "0:00:38"]
[BlackClock "0:01:57"]

1. d4 Nf6 2. c4 e6 3. Nc3 Bb4 4. f3 d5 5. a3 Bd6 6. e4 c5 7. cxd5 exd5 8. e5 cxd4 9. Qxd4 Nc6 10. Bb5 Qe7 11. f4 Bc5 12. Qa4 O-O 13. Nge2 Ng4 14. Nxd5 Qh4+ 15. g3 Qh3 16. Qe4 Be6 17. Nc7 Rad8 18. Bd2 Bf2+ 19. Kd1 Be3 20. Bd3 Nf2+ 0-1


[Site "https://www.chess.com"]

[Event "Titled Tuesday Blitz July 13 2021"]
[White "harlem4brew"]
[Black "Rodchenkov, Vitaly"]
[BlackFideId "4152964"]
[WhiteElo "2427"]
[BlackElo "2337"]
[Result "1-0"]
[Round "09"]
[TimeControl "180+1"]
[Date "2021.07.13"]
[WhiteClock "0:01:24"]
[BlackClock "0:00:31"]

1. e4 c5 2. Nf3 d6 3. d4 cxd4 4. Nxd4 Nf6 5. Nc3 a6 6. Bg5 Nbd7 7. g3 h6 8. Be3 g6 9. Bg2 Bg7 10. O-O O-O 11. h3 Qc7 12. f4 Nb6 13. Kh1 Nc4 14. Bc1 b5 15. b3 Nb6 16. Bb2 Bb7 17. Qe2 e5 18. Ndxb5 axb5 19. Nxb5 Qc5 20. Nxd6 Qxd6 21. fxe5 Qe6 22. exf6 Bh8 23. c4 Rfe8 24. e5 Bxg2+ 25. Qxg2 Nd7 26. Rfe1 Nc5 27. Bd4 Nd3 28. Re3 Nb4 29. Bc3 Nc2 30. Qxc2 Qxh3+ 31. Qh2 Qxh2+ 32. Kxh2 Bxf6 33. Re2 h5 34. Rae1 Bg5 35. Kh3 Re6 36. g4 hxg4+ 37. Kxg4 Be7 38. Rh2 Bf8 39. Reh1 Bg7 40. Kf4 Rd8 41. Rh3 Rc8 42. Rd3 Bf8 43. Rd5 Kg7 44. Rh2 Be7 45. Rhd2 g5+ 46. Kf5 Rh8 47. Rd6 Bxd6 48. exd6+ f6 49. Kxe6 1-0


[Site "https://www.chess.com"]

[Event "Titled Tuesday Blitz July 13 2021"]
[White "ketster"]
[Black "Barp, Alberto"]
[BlackFideId "872555"]
[WhiteElo "2457"]
[BlackElo "2229"]
[Result "0-1"]
[Round "09"]
[TimeControl "180+1"]
[Date "2021.07.13"]
[WhiteClock "0:00:07"]
[BlackClock "0:00:38"]

1. d4 Nf6 2. c4 e6 3. Nc3 d5 4. cxd5 Nxd5 5. e4 Nxc3 6. bxc3 c5 7. Rb1 Be7 8. Nf3 O-O 9. h4 b6 10. h5 h6 11. Bd3 cxd4 12. cxd4 Ba6 13. Rh3 Bxd3 14. Qxd3 Nc6 15. Rg3 Kh8 16. Qd2 f5 17. Rxg7 Kxg7 18. Qxh6+ Kg8 19. Qxe6+ Kh8 20. Qh6+ Kg8 21. Qxc6 fxe4 22. Qxe4 Qe8 23. Kf1 Bf6 24. Qg4+ Kh8 25. Bg5 Rc8 26. Bxf6+ Rxf6 27. Re1 Qb5+ 28. Kg1 Qf5 29. Qxf5 Rxf5 30. Re7 Rxh5 31. g3 Rh7 32. Re2 Rhc7 33. d5 Rd8 34. Re5 Rcd7 35. Ng5 Rxd5 36. Re7 Rxg5 0-1


[Site "https://www.chess.com"]

[Event "Titled Tuesday Blitz July 13 2021"]
[White "Abdusattorov, Nodirbek"]
[Black "Matinian, Nikita"]
[WhiteFideId "14204118"]
[BlackFideId "24129100"]
[WhiteElo "2662"]
[BlackElo "2410"]
[Result "1-0"]
[Round "10"]
[TimeControl "180+1"]
[Date "2021.07.13"]
[WhiteClock "0:00:54"]
[BlackClock "0:00:24"]

1. e4 e5 2. Nf3 Nc6 3. Bb5 a6 4. Bxc6 dxc6 5. O-O Bd6 6. d4 exd4 7. Qxd4 f6 8. Nbd2 Be6 9. Qc3 Ne7 10. Nc4 Bxc4 11. Qxc4 Qd7 12. Be3 O-O-O 13. Rad1 Ng6 14. Nd4 Nh4 15. Qe6 Rhe8 16. Qxd7+ Rxd7 17. g3 Ng6 18. f3 Ne5 19. b3 Bb4 20. Kf2 Red8 21. Ke2 c5 22. Ne6 Rxd1 23. Rxd1 Rxd1 24. Kxd1 Nxf3 25. h4 g6 26. Bxc5 Bxc5 27. Nxc5 1-0


[Site "https://www.chess.com"]

[Event "Titled Tuesday Blitz July 13 2021"]
[White "Alavkin, Arseny"]
[Black "Starozhilov, Leonid"]
[WhiteFideId "4120612"]
[BlackFideId "14106752"]
[WhiteElo "2401"]
[BlackElo "2414"]
[Result "0-1"]
[Round "10"]
[TimeControl "180+1"]
[Date "2021.07.13"]
[WhiteClock "0:00:13"]
[BlackClock "0:00:05"]

1. e4 g6 2. d4 Bg7 3. Nc3 d6 4. Be3 a6 5. f3 b5 6. h4 h5 7. Nh3 Bxh3 8. Rxh3 Nd7 9. Qd2 Ngf6 10. O-O-O c6 11. Kb1 Qc7 12. Rh1 c5 13. g3 O-O 14. Bg2 Nb6 15. dxc5 Nc4 16. Qf2 dxc5 17. Bxc5 Rfc8 18. Bd4 e5 19. Be3 Nxb2 20. Kxb2 Qxc3+ 21. Kb1 Qb4+ 22. Ka1 Qc3+ 23. Kb1 Rc4 24. Rd3 Rb4+ 25. Kc1 Qb2+ 26. Kd2 Rc8 27. Rc1 Rbc4 28. Kd1 Qxa2 29. Bf1 Bf8 30. Bg5 Nh7 31. Be3 Qb2 32. g4 hxg4 33. fxg4 Ba3 34. Rd7 Rd4+ 35. Rxd4 exd4 36. Bh6 Qa2 37. Bd3 Bxc1 38. Bxc1 Qe6 39. Qf4 Nf6 40. Be2 Nxe4 41. Bf3 Nc3+ 42. Kd2 Re8 43. Kd3 Nd5 44. Qxd4 Nf6 45. Bg5 Nd7 46. Kc3 Qc4+ 47. Qxc4 bxc4 48. Kxc4 Ne5+ 49. Kd5 Nxf3 50. h5 Nxg5 51. Kd6 gxh5 0-1


[Site "https://www.chess.com"]

[Event "Titled Tuesday Blitz July 13 2021"]
[White "Aldokhin, Ivan"]
[Black "Dudzinski, Pawel"]
[WhiteFideId "24115720"]
[BlackFideId "1117890"]
[WhiteElo "2306"]
[BlackElo "2193"]
[Result "1/2-1/2"]
[Round "10"]
[TimeControl "180+1"]
[Date "2021.07.13"]
[WhiteClock "0:00:07"]
[BlackClock "0:00:11"]

1. e4 c6 2. Nf3 d5 3. Nc3 dxe4 4. Nxe4 Nf6 5. Nxf6+ exf6 6. d4 Bd6 7. Be2 O-O 8. O-O Bg4 9. c3 Nd7 10. h3 Bh5 11. Nh4 Bg6 12. Nxg6 hxg6 13. Qb3 Qb6 14. Qc2 c5 15. Be3 cxd4 16. cxd4 Rac8 17. Qa4 Rc7 18. Bf3 Qxb2 19. Rab1 Qa3 20. Qxa3 Bxa3 21. Bf4 Rc2 22. Rxb7 Nb6 23. Rxa7 Rxa2 24. Bd6 Bxd6 25. Rxa2 Rd8 26. Ra7 f5 27. Rb1 Nc4 28. Rbb7 Rf8 29. Rxf7 Rxf7 30. Bd5 Nd2 31. Rxf7 Kh7 32. Rd7 Bb4 33. h4 Kh6 34. Rd8 g5 35. Rb8 Be7 36. Rh8+ Kg6 37. h5+ Kf6 38. Ra8 g4 39. Ra2 Bb4 40. Ra6+ Kg5 41. Bf7 Bc3 42. Rg6+ Kf4 43. Rxg7 Bxd4 44. h6 Ne4 45. g3+ Nxg3 46. Kg2 Ne4 47. Be6 Bxg7 48. hxg7 Nf6 49. g8=Q Nxg8 50. Bxg8 Kg5 51. Be6 f4 52. Bc8 Kh4 53. Bd7 Kg5 54. Kf1 Kh4 55. Ke2 f3+ 56. Ke3 g3 57. Kxf3 gxf2 58. Kxf2 1/2-1/2


[Site "https://www.chess.com"]

[Event "Titled Tuesday Blitz July 13 2021"]
[White "Aleksandr_Kozak"]
[Black "Nozdrachev, Leonid"]
[BlackFideId "24113433"]
[WhiteElo "2418"]
[BlackElo "2221"]
[Result "1-0"]
[Round "10"]
[TimeControl "180+1"]
[Date "2021.07.13"]
[WhiteClock "0:01:32"]
[BlackClock "0:01:47"]

1. e4 d6 2. d4 Nf6 3. f3 e5 4. dxe5 dxe5 5. Qxd8+ Kxd8 6. Bc4 Be6 7. Bxe6 fxe6 8. Be3 Nbd7 9. Nc3 Bc5 10. Bxc5 Nxc5 11. O-O-O Ke7 12. Nge2 g5 13. Nb5 Ne8 14. h4 g4 15. b4 Na6 16. a3 c6 17. Nbc3 gxf3 18. gxf3 Nd6 19. f4 Nc4 20. fxe5 Nxa3 21. Rhg1 Rhg8 22. Rg5 Nxb4 23. Rh5 Rg7 24. Nd4 Rd8 25. Rh6 Rxd4 26. Rxd4 Naxc2 27. Rd6 Rg1+ 28. Kb2 Rg2 29. Rxh7+ Ke8 30. Rxe6+ Kd8 31. Rd6+ Kc8 32. Kb3 a5 33. e6 b5 34. Rdd7 Na1+ 35. Ka3 Nbc2+ 36. Kb2 b4 37. Rh8+ 1-0


[Site "https://www.chess.com"]

[Event "Titled Tuesday Blitz July 13 2021"]
[White "Altman, Joshua"]
[Black "Horton, Andrew P"]
[WhiteFideId "426210"]
[BlackFideId "424269"]
[WhiteElo "1945"]
[BlackElo "2401"]
[Result "1-0"]
[Round "10"]
[TimeControl "180+1"]
[Date "2021.07.13"]
[WhiteClock "0:00:08"]
[BlackClock "0:00:02"]

1. d4 a6 2. Nf3 b5 3. e4 Bb7 4. Bd3 e6 5. c3 c5 6. O-O Nf6 7. Re1 Be7 8. Bf4 O-O 9. dxc5 Bxc5 10. h3 d6 11. Nbd2 h6 12. a4 e5 13. Be3 Qb6 14. Bxc5 Qxc5 15. Nb3 Qb6 16. axb5 axb5 17. Rxa8 Bxa8 18. Qe2 Bc6 19. Nfd2 Na6 20. Ra1 Nc5 21. Nxc5 dxc5 22. c4 b4 23. Nb3 Ra8 24. Rxa8+ Bxa8 25. Qe3 Nd7 26. f4 exf4 27. Qxf4 Bc6 28. Qd6 f6 29. Qe7 Qa7 30. Qe8+ Nf8 31. Qxc6 Qa2 32. Nxc5 Qxb2 33. Qd5+ Kh8 34. Kh2 Qc1 35. Qf5 Qe3 36. Nd7 Nxd7 37. Qxd7 Qf4+ 38. Kg1 Qe3+ 39. Kf1 b3 40. Qe8+ Kh7 41. Qd7 b2 42. e5+ f5 43. Bxf5+ Kg8 44. Qe8# 1-0


[Site "https://www.chess.com"]

[Event "Titled Tuesday Blitz July 13 2021"]
[White "Amburgy, Ryan"]
[Black "Vivas Zamora, Fabian Ernesto"]
[WhiteFideId "30924820"]
[BlackFideId "3902480"]
[WhiteElo "2066"]
[BlackElo "1966"]
[Result "1-0"]
[Round "10"]
[TimeControl "180+1"]
[Date "2021.07.13"]
[WhiteClock "0:00:09"]
[BlackClock "0:00:03"]

1. d4 Nf6 2. Nc3 g6 3. e4 d6 4. Nf3 Bg7 5. Be2 O-O 6. O-O Bg4 7. Be3 Na6 8. Qd2 c5 9. d5 Nc7 10. a4 Rb8 11. Bh6 b6 12. Bxg7 Kxg7 13. Rfe1 a6 14. h3 Bxf3 15. Bxf3 b5 16. g3 Qd7 17. axb5 axb5 18. Kh2 b4 19. Ne2 e5 20. c4 bxc3 21. bxc3 Rb3 22. Nc1 Rb7 23. Nd3 Rfb8 24. Qe2 Nb5 25. Rec1 Qc7 26. Ra6 Nd7 27. Bg4 c4 28. Nb4 Nc5 29. Rc6 Qa5 30. Qxc4 Nxc3 31. Qxc3 Qxb4 32. Qxb4 Rxb4 33. Rxd6 Nxe4 34. Rd7 Nxf2 35. Rcc7 Nxg4+ 36. hxg4 Rb2+ 37. Kh3 Rf2 38. g5 Rf5 39. d6 Rb1 40. Re7 Rh1+ 41. Kg4 Rd1 42. d7 Rd4+ 43. Kh3 Rxg5 44. Rxf7+ Kxf7 45. d8=Q+ Ke6 46. Qxg5 1-0


[Site "https://www.chess.com"]

[Event "Titled Tuesday Blitz July 13 2021"]
[White "Arabidze, Meri"]
[Black "Barp, Alberto"]
[WhiteFideId "13604040"]
[BlackFideId "872555"]
[WhiteElo "2432"]
[BlackElo "2229"]
[Result "1/2-1/2"]
[Round "10"]
[TimeControl "180+1"]
[Date "2021.07.13"]
[WhiteClock "0:00:05"]
[BlackClock "0:00:03"]

1. Nf3 d5 2. g3 Bg4 3. Bg2 Nd7 4. d4 e6 5. O-O c6 6. c4 Ngf6 7. b3 Bd6 8. Bb2 O-O 9. Nbd2 a5 10. a3 a4 11. b4 b5 12. c5 Bc7 13. Ne5 Nxe5 14. dxe5 Nd7 15. f4 f6 16. h3 Bh5 17. g4 Bg6 18. f5 exf5 19. gxf5 Bh5 20. e6 Ne5 21. Nf3 Bxf3 22. Bxf3 Nc4 23. Bd4 Be5 24. e3 Qc7 25. Qe1 Bxd4 26. exd4 Qf4 27. Kh1 Qxf5 28. Bg4 Qe4+ 29. Qxe4 dxe4 30. Bf5 e3 31. Rfe1 Rae8 32. Kg2 g6 33. Bd3 Rxe6 34. Bxc4 bxc4 35. Rac1 Re4 36. Rxc4 Rfe8 37. Re2 f5 38. b5 cxb5 39. Rb4 f4 40. Kf3 Kf7 41. c6 g5 42. Rxb5 Rxd4 43. Rxg5 Rc8 44. Rf5+ Ke6 45. Rxf4 Rxf4+ 46. Kxf4 Rxc6 47. Rxe3+ Kd5 48. Re5+ Kc4 49. Re3 Rb6 50. Kg5 Rb3 51. Re4+ Kb5 52. Re5+ Kc6 53. Re6+ Kd5 54. Rh6 Rxa3 55. Rxh7 Rg3+ 56. Kf4 Rg1 57. h4 a3 58. Ra7 Ra1 59. Kg5 Kc4 60. h5 Rg1+ 61. Kf6 Kb3 62. h6 Rh1 63. Kg6 a2 64. Rxa2 Kxa2 65. h7 Rxh7 66. Kxh7 1/2-1/2


[Site "https://www.chess.com"]

[Event "Titled Tuesday Blitz July 13 2021"]
[White "Araujo Filho, Luiz Antonio Coel"]
[Black "ketster"]
[WhiteFideId "2130661"]
[WhiteElo "2263"]
[BlackElo "2448"]
[Result "0-1"]
[Round "10"]
[TimeControl "180+1"]
[Date "2021.07.13"]
[WhiteClock "0:00:05"]
[BlackClock "0:00:48"]

1. d4 Nf6 2. Nf3 d5 3. e3 e6 4. Bd3 c5 5. c3 Nc6 6. Nbd2 Bd6 7. Qe2 O-O 8. dxc5 Bxc5 9. e4 dxe4 10. Nxe4 Nxe4 11. Bxe4 f5 12. Bc2 e5 13. Qc4+ Kh8 14. Qxc5 e4 15. Nd4 Ne7 16. Bg5 Re8 17. Ba4 Bd7 18. Bxd7 Qxd7 19. Bxe7 Rxe7 20. Qxf5 Qd6 21. O-O Rae8 22. Rad1 Qh6 23. Rde1 Re5 24. Qg4 Qf6 25. Re3 h6 26. Rfe1 Rg5 27. Qh3 Rf8 28. R1e2 Re5 29. Qg4 h5 30. Qh3 Qh6 31. g3 Qg6 32. Qg2 Rfe8 33. Nc2 Qc6 34. h4 Qc4 35. a3 a5 36. Nd4 Qd5 37. Nc2 b5 38. Nd4 b4 39. axb4 axb4 40. cxb4 Qxd4 41. b5 Qb4 42. b6 Qxb6 43. Rxe4 Rxe4 44. Rxe4 Rf8 45. Re2 Qb5 46. Kh2 Qxe2 0-1


[Site "https://www.chess.com"]

[Event "Titled Tuesday Blitz July 13 2021"]
[White "Ashwin, Jayaram"]
[Black "Perez Rodriguez, Luis Manuel"]
[WhiteFideId "5018137"]
[BlackFideId "3503364"]
[WhiteElo "2461"]
[BlackElo "2429"]
[Result "0-1"]
[Round "10"]
[TimeControl "180+1"]
[Date "2021.07.13"]
[WhiteClock "0:00:49"]
[BlackClock "0:00:53"]

1. d4 d5 2. c4 c6 3. Nf3 Nf6 4. g3 g6 5. Bg2 Bg7 6. O-O O-O 7. Nc3 Ne4 8. cxd5 Nxc3 9. bxc3 cxd5 10. Qb3 Nc6 11. Bf4 b6 12. Nd2 e6 13. e4 Bb7 14. e5 Na5 15. Qb4 Rc8 16. Rac1 Ba6 17. Rfe1 Qd7 18. h4 h6 19. h5 g5 20. Be3 Rc7 21. f4 g4 22. Qb1 Rfc8 23. Qb2 Bd3 24. Bf1 Bf5 25. Ba6 Rb8 26. c4 dxc4 27. Nxc4 Nxc4 28. Bxc4 Rbc8 29. Bb5 Qd5 30. a4 Bf8 31. Rxc7 Rxc7 32. Rc1 Rxc1+ 33. Qxc1 Qf3 34. Bf2 Be4 35. Kf1 Qh1+ 36. Bg1 Qg2+ 0-1


[Site "https://www.chess.com"]